[Event "DFMM-LV 2023"]
[Site "Braunfels"]
[Date "2023.06.09"]
[Round "3.28"]
[White "Von Herman, Brigitte"]
[Black "Dirmeier, Carolin"]
[Result "1/2-1/2"]
[Annotator "TA"]
[ECO "B22"]
[WhiteElo "1904"]
[BlackElo "1941"]
[PlyCount "32"]
[EventDate "2023.06.09"]
[EventType "team-tourn"]
[EventCountry "GER"]
[SourceTitle "playchess.com"]
[Source "ChessBase"]
[SourceQuality "1"]
[TimeControl "40/5400+30:1800+30"]

1. e4 c5 2. c3 g6 3. d4 cxd4 4. cxd4 d5 5. Nc3 dxe4 6. Bc4 {[%emt 0:00:52] B22: Sicilian: 2 c3.} Nf6 7. Qb3 e6 8. d5 {[%emt 0:15:00][%cal Rd5e6] Repels Nc6} exd5 9. Nxd5 {[%emt 0:00:15] [#] Bg5 would be deadly.} ({Much worse is} 9. Bxd5 Nxd5 10. Qxd5 Qxd5 11. Nxd5 Na6 12. Nf6+ Ke7 13. Nxe4 Bf5 14. Bg5+ Ke6 $15) 9... Bg7 10. Ne2 (10. Bg5 $5 O-O 11. Rd1 $11) 10... O-O 11. Bg5 {[%emt 0:04:19] [#]} Nc6 $146 {[%emt 0:18:33] Hoping for ...Na5. The position is equal.} ({Predecessor:} 11... Nbd7 12. Nec3 h6 13. Nxf6+ Nxf6 14. Bh4 Qb6 15. O-O Qxb3 16. Bxb3 Bd7 17. Rfe1 Bc6 {0-1 Arztmann,N (1974)-Kranzl,J (1949) AUT-ch U18 St Veit 2016 (5)}) 12. Rd1 {[%emt 0:03:15] Threatens to win with Nxf6+.} Qa5+ 13. Bd2 Qc5 {[%emt 0:08:57] Strongly threatening ...Nxd5.} 14. Be3 Qa5+ 15. Bd2 Qc5 16. Be3 Qa5+ {[%emt 0:00:14] Not much happened in this game.   Weighted Error Value: White=0.03 (flawless) /Black=0.05 (flawless)} 1/2-1/2

[Event "DFMM-LV 2023"]
[Site "Braunfels"]
[Date "2023.06.09"]
[Round "3.29"]
[White "Ankerst, Milka"]
[Black "Guder, Sibylle"]
[Result "0-1"]
[Annotator "TA"]
[ECO "B92"]
[WhiteElo "1923"]
[BlackElo "1808"]
[PlyCount "94"]
[EventDate "2023.06.09"]
[EventType "team-tourn"]
[EventCountry "GER"]
[SourceTitle "playchess.com"]
[Source "ChessBase"]
[SourceQuality "1"]
[TimeControl "40/5400+30:1800+30"]

1. e4 c5 2. Nf3 d6 3. d4 cxd4 4. Nxd4 Nf6 5. Nc3 a6 6. f3 e5 7. Nb3 Be6 8. Be3 Be7 9. Qd2 O-O 10. Be2 Qc7 11. O-O Nbd7 {[%emt 0:03:47] [#]} 12. Qe1 $146 {[%emt 0:07:05] B92: Sicilian Najdorf: 6 Be2.} (12. a4 $11) ({Predecessor:} 12. Rfd1 Rac8 13. Rac1 Nb6 14. Qe1 Nc4 15. Bxc4 Qxc4 16. Nd2 Qc6 17. Nf1 Rfd8 18. Ng3 d5 19. exd5 Nxd5 20. Nxd5 Rxd5 21. Rxd5 Qxd5 {1-0 Goltsev,D (2232)-Fathy,E (2300) Titled Tuesday intern op 15th Nov Early blitz 2022 (1)}) 12... d5 13. exd5 Nxd5 (13... Bxd5 {is more complex.} 14. Qg3 Rac8 15. f4 Bb4) 14. Nxd5 {[%emt 0:01:58] Black has an edge.} Bxd5 15. c3 f5 16. Rd1 Be6 17. Kh1 Nb6 18. Qf2 Nd5 (18... Na4 $5 ) 19. Bc1 Nf6 20. Be3 Nd5 21. Bc5 (21. Bc1 $11) 21... Rac8 $15 22. Bxe7 Qxe7 23. Nd2 Nf4 24. c4 Bd7 {[%emt 0:01:36] Black has more active pieces.} (24... Rfd8 $15 25. b3 Bf7) 25. Rfe1 $11 Bc6 26. Qe3 Qf6 27. b4 b5 28. c5 g5 29. Bf1 Rfe8 30. Nb3 Nd5 (30... e4 $11 31. Qd4 Qf8 32. fxe4 Rcd8) 31. Qd2 (31. Qc1 $14) 31... Rcd8 (31... f4 $1 $15) 32. Na5 Ba8 {[%emt 0:00:49] [#]} (32... Nc7 $1 $11 33. Qc3 Rxd1 34. Rxd1 Bd5) 33. a4 ({Better is} 33. c6 $1 $14 f4 (33... Bxc6 34. Nxc6) 34. Qc2) 33... bxa4 $2 {[%emt 0:01:08] [#]} (33... e4 $1 $11 34. c6 (34. axb5 $2 Nc3 $17) 34... Nc3) 34. Bxa6 $4 g4 $2 (34... Qxa6 $19 35. Rxe5 h6) 35. Bc4 (35. Nb7 $16 Bxb7 36. Bxb7) 35... Kh8 {[%emt 0:00:27] And now ...gxf3 would win.} 36. b5 {[%emt 0:02:45] [#]} (36. c6 $1 $11 {remains equal.} Nf4 37. Qe3 Rxd1 38. Rxd1 Bxc6 39. Qb6 gxf3 40. g3 (40. Qxc6 $2 fxg2+ 41. Kg1 Nh3+ 42. Kxg2 Qg5+ 43. Kf1 Qg1+ 44. Ke2 Qxh2+ 45. Kd3 Nf2+ 46. Kd2 Nxd1+ 47. Kxd1 Rd8+ 48. Bd5 Qh1+ 49. Ke2 Rxd5 $19)) 36... Nf4 ({Black should play} 36... f4 $1 $17 37. Qf2 (37. fxg4 $2 {is the wrong capture.} Ne3 $19) 37... gxf3 38. gxf3 Ne3 39. Rxd8 Qxd8) 37. Qf2 {[%emt 0:01:20] Threatens to win with c6.} gxf3 (37... Nh3 {keeps more tension.} 38. Qf1 gxf3 39. c6 fxg2+ 40. Kxg2 Qg5+) 38. gxf3 {[%emt 0:00:35] Hoping for c6.} Rxd1 (38... Nh3 $1 $11 39. Qg3 Qh4) 39. Rxd1 $14 {[%emt 0:00:02] c6 is the strong threat.} Rd8 {[%emt 0:00:22] Prevents c6} (39... e4 $16 40. Qe3 Ng2) 40. Rg1 $4 (40. Rf1 $18) 40... Nh3 $1 $19 {[%emt 0:00:48][%csl LRf2,LRg1][%mdl 64] Deflection, Double Attack} 41. Qe2 Nxg1 42. Kxg1 Qg5+ 43. Qg2 Qc1+ {[%emt 0:00:00] Black mates.} 44. Bf1 Rg8 45. Qxg8+ Kxg8 46. c6 Qe3+ 47. Kg2 Qd2+ {[%emt 0:00:00] Weighted Error Value: White=0.83/Black=0.43} 0-1

[Event "DFMM-LV 2023"]
[Site "Braunfels"]
[Date "2023.06.09"]
[Round "3.30"]
[White "Fock, Amina"]
[Black "Spiel, Marianne"]
[Result "1/2-1/2"]
[Annotator "NA RC COMBH"]
[ECO "C06"]
[WhiteElo "1836"]
[BlackElo "1840"]
[PlyCount "86"]
[EventDate "2023.06.09"]
[EventType "team-tourn"]
[EventCountry "GER"]
[SourceTitle "playchess.com"]
[Source "ChessBase"]
[SourceQuality "1"]
[TimeControl "40/5400+30:1800+30"]

1. e4 e6 2. d4 d5 3. Nd2 Nf6 4. e5 Nfd7 5. Bd3 c5 6. c3 Nc6 7. Ne2 cxd4 8. cxd4 f6 9. exf6 Nxf6 10. Nf3 Bd6 11. O-O O-O 12. Bf4 Bxf4 13. Nxf4 Ne4 14. Qc1 Qd6 15. Ne2 e5 16. dxe5 Nxe5 17. Nxe5 Qxe5 18. f3 Nf6 19. Qc3 Qg5 20. Kh1 Bf5 21. Rad1 Rac8 22. Qb3 Bxd3 23. Rxd3 b6 24. Nc3 Rfd8 25. Rfd1 Kh8 26. h3 h6 27. Qa4 a5 28. Qb5 Rd6 29. Ne4 Nxe4 30. fxe4 Rc2 31. Qe8+ Kh7 32. g3 Qf6 33. Qh5 Qxb2 34. Qf5+ Kg8 35. Kg1 Rf6 36. Qxd5+ Kh7 37. e5 Rh2 38. Qe4+ Rg6 39. Rf1 Qe2 40. Qxe2 Rxe2 41. Rf2 Rxe5 42. Kg2 Rge6 43. a3 Re3 1/2-1/2

[Event "DFMM-LV 2023"]
[Site "Braunfels"]
[Date "2023.06.09"]
[Round "3.31"]
[White "Braeuer, Vanessa"]
[Black "Fock, Sana"]
[Result "1-0"]
[Annotator "NA RC COMBH"]
[ECO "B23"]
[WhiteElo "1819"]
[BlackElo "1785"]
[PlyCount "89"]
[EventDate "2023.06.09"]
[EventType "team-tourn"]
[EventCountry "GER"]
[SourceTitle "playchess.com"]
[Source "ChessBase"]
[SourceQuality "1"]
[TimeControl "40/5400+30:1800+30"]

1. e4 c5 2. Nc3 d6 3. Bc4 Nc6 4. f4 e6 5. Nf3 g6 6. O-O Bg7 7. Qe1 Nge7 8. f5 O-O 9. Qh4 exf5 10. d3 h5 11. Bg5 Qc7 12. Nb5 Qd7 13. Nc3 Qc7 14. Rae1 a6 15. a4 b6 16. Ne2 fxe4 17. dxe4 b5 18. axb5 axb5 19. Bxb5 Ba6 20. c4 Bc8 21. Nf4 Bg4 22. Bxc6 Nxc6 23. Nd5 Qd7 24. Nb6 Qe6 25. Nxa8 Rxa8 26. Nd2 Qe8 27. Bf6 Qf8 28. Ra1 Rxa1 29. Rxa1 Bxf6 30. Qxf6 Qg7 31. Ra8+ Kh7 32. Qxg7+ Kxg7 33. Ra6 Bd7 34. Nb1 Nd4 35. Rxd6 Be6 36. Nd2 Nc2 37. Kf2 Nb4 38. e5 Kf8 39. b3 Ke7 40. Ne4 Bf5 41. Nxc5 Nc2 42. Na6 Na3 43. Nc7 Nc2 44. Nd5+ Ke8 45. c5 1-0

[Event "DFMM-LV 2023"]
[Site "Braunfels"]
[Date "2023.06.09"]
[Round "3.32"]
[White "Grosse-Honebrink, Brigitte"]
[Black "Albayrak, Aylin"]
[Result "1-0"]
[Annotator "NA RC COMBH"]
[ECO "E61"]
[WhiteElo "1891"]
[BlackElo "1690"]
[PlyCount "99"]
[EventDate "2023.06.09"]
[EventType "team-tourn"]
[EventCountry "GER"]
[SourceTitle "playchess.com"]
[Source "ChessBase"]
[SourceQuality "1"]
[TimeControl "40/5400+30:1800+30"]

1. d4 Nf6 2. Nf3 g6 3. Bf4 Bg7 4. h3 O-O 5. e3 d6 6. Be2 Nbd7 7. O-O b6 8. c4 Bb7 9. Nc3 c5 10. d5 Ne8 11. Rc1 Nc7 12. a4 Ne5 13. b3 Qe8 14. Qd2 h6 15. h4 Rd8 16. e4 Kh7 17. Bg3 Bc8 18. Nh2 f6 19. f4 Nf7 20. Nf3 Bg4 21. Ng5+ fxg5 22. Bxg4 gxf4 23. Bxf4 Ne5 24. Be2 e6 25. Bg3 Qe7 26. Nb5 Nxb5 27. axb5 Bf6 28. Qe1 exd5 29. exd5 Rde8 30. h5 g5 31. Qd2 Qg7 32. Bd1 Kh8 33. Bc2 Re7 34. Rce1 Rfe8 35. Rf5 Ng4 36. Rxe7 Qxe7 37. Rf1 Bd4+ 38. Kh1 Be5 39. Qd3 Nf6 40. Bxe5 Qxe5 41. Rxf6 Qe1+ 42. Rf1 Qe7 43. Qg6 Rd8 44. Qxh6+ Kg8 45. Qg6+ Qg7 46. Rf7 (46. Qe6+ $142 Kh8 47. h6 Qd4 48. g3 Qa1 49. Rxa1 Rf8 50. Qe7 Rf7 51. Qe8+ Rf8 52. Qxf8#) 46... Qxg6 47. Bxg6 Re8 48. Rd7 Re3 49. h6 g4 50. Rd8+ 1-0

[Event "DFMM-LV 2023"]
[Site "Braunfels"]
[Date "2023.06.09"]
[Round "3.33"]
[White "Hund, Sarah"]
[Black "Krasnopeyeva, Julia"]
[Result "1-0"]
[Annotator "TA"]
[ECO "B22"]
[WhiteElo "1977"]
[BlackElo "1895"]
[PlyCount "46"]
[EventDate "2023.06.09"]
[EventType "team-tourn"]
[EventCountry "GER"]
[SourceTitle "playchess.com"]
[Source "ChessBase"]
[SourceQuality "1"]
[TimeControl "40/5400+30:1800+30"]

1. e4 c5 2. c3 e6 3. d4 d5 4. exd5 Qxd5 5. Nf3 Nc6 6. Na3 cxd4 7. Nb5 Bd6 $1 {[%emt 0:05:59] [#]} (7... Qe4+ $2 8. Be2 Rb8 9. O-O $16 (9. Nbxd4 Be7 $16) (9. Nfxd4 Bd7 $16)) 8. Bc4 $1 {[%emt 0:08:05][%mdl 64] Decoy. B22: Sicilian: 2 c3.} Qe4+ {[%emt 0:00:38] [#]} (8... Qxc4 $2 9. Nxd6+ Kf8 10. Nxc4 $18) 9. Be3 $1 Bb8 (9... Bf4 $2 10. Bd3 $18 (10. Nbxd4 Bxe3 11. Bd3 Bxf2+ 12. Kxf2 Qd5 $15) (10. Nbxd4 Bxe3 11. Bd3 Bxf2+ 12. Kxf2 Qd5 $15)) 10. cxd4 (10. Bd3 $14 {might be stronger.} Qd5 11. c4 (11. Bxd4 Nxd4 12. cxd4 Nf6 $11) (11. Nbxd4 Bd7 $14) (11. Nfxd4 Qxg2 12. Kd2 g6 $11) (11. cxd4 Nf6 $14)) 10... Nf6 11. O-O {[%emt 0:03:23] [#]} Nd5 $146 ({Predecessor:} 11... O-O 12. Re1 a6 13. Nc3 Qf5 14. h3 Nb4 15. Bb3 b5 16. a3 Nbd5 17. Nxd5 Nxd5 {½-½ Hebert,J (2381)-Vibbert,S (2312) Manchester 05 2015 (3)}) 12. Re1 {[%emt 0:09:19] aiming for Bg5.} Nxe3 {[%emt 0:07:14] This move loses the game for Black.} ({Better is} 12... O-O $1 $14) 13. Rxe3 $18 ({Not} 13. fxe3 O-O $14) 13... Qf4 14. g3 $36 {[%emt 0:02:50][%mdl 2048] White is really pushing.} Qg4 {[%emt 0:00:34] [#]} 15. h3 $1 Qxh3 {[%emt 0:03:09] [#]} (15... Qg6 $142 16. d5 Bxg3) 16. d5 $1 {[%emt 0:01:41] Active counter play!} Qg4 17. Rc1 Na5 {[%emt 0:03:26] [#]} (17... Bxg3 18. Ne1 (18. fxg3 Qxg3+ 19. Kf1 Na5 $18) 18... Qxd1 19. Rxd1 Bf4) 18. dxe6 $1 fxe6 {[%emt 0:03:16] [#]} (18... Bxe6 19. Bxe6) 19. Bxe6 $1 Bxe6 20. Rc8+ {[%emt 0:00:21][%mdl 64] Skewer} Ke7 21. Rxh8 {[%emt 0:00:39] Intending Qd8+ and mate.} Bf4 22. Rxe6+ Kxe6 23. Nfd4+ {[%emt 0:00:43][%mdl 64] Discovered Attack. Excellent horsemanship.} Kd5 {[%emt 0:44:48] Magnificent play by Hund!   Weighted Error Value: White=0.15 (very precise) /Black=0.87.  Loses game:     	---       	Black=1      Missed win:     	---       	---        Mistake:       	White=1     	Black=2      Inaccurate:     	---       	Black=1      OK:         	White=3     	Black=4      Best:        	White=2     	---        Strong:       	White=2     	---        Brilliant:      	---       	---} 1-0

[Event "DFMM-LV 2023"]
[Site "Braunfels"]
[Date "2023.06.09"]
[Round "3.34"]
[White "Mader, Lena"]
[Black "Novikova, Margarita"]
[Result "1/2-1/2"]
[Annotator "TA"]
[ECO "A12"]
[WhiteElo "1778"]
[BlackElo "1985"]
[PlyCount "37"]
[EventDate "2023.06.09"]
[EventType "team-tourn"]
[EventCountry "GER"]
[SourceTitle "playchess.com"]
[Source "ChessBase"]
[SourceQuality "1"]
[TimeControl "40/5400+30:1800+30"]

1. c4 Nf6 2. g3 d5 3. Bg2 c6 4. b3 Bf5 5. Bb2 e6 6. Nf3 Nbd7 {[%emt 0:04:25] 6...h6 is the fancy move.} 7. O-O h6 8. d3 Qc7 {[%emt 0:01:45] A12: English Opening: 1...c6 with b3 by White.} (8... Be7 $11) 9. Nc3 (9. Nbd2 {seems wilder.} Bc5 10. cxd5 exd5 11. e4) 9... Be7 10. Rc1 (10. cxd5 $14 exd5 11. e4 dxe4 12. dxe4) 10... dxc4 $11 11. bxc4 {[%emt 0:00:34] [#]} e5 $146 ({Predecessor:} 11... O-O 12. Qd2 Rad8 13. h3 Bh7 14. Rb1 e5 15. Qc2 Rfe8 16. Nd2 Nc5 17. Ba3 b6 18. Bxc5 Bxc5 {½-½ Hros,R (1915)-Sedlakova,I (2065) SVK-chT1E 1213 2012 (9.5)}) 12. Nd2 O-O 13. Nde4 Rad8 14. Qb3 {[%emt 0:03:23] The position is equal.} Nc5 15. Nxc5 Bxc5 16. Ba3 Nd7 17. Ne4 Bxe4 18. Bxe4 Qd6 (18... f5 $5 19. Bg2 Kh7 $11) 19. Bb2 {[%emt 0:01:51] Weighted Error Value: White=0.18 (very precise) /Black=0.18 (very precise)} 1/2-1/2

[Event "DFMM-LV 2023"]
[Site "Braunfels"]
[Date "2023.06.09"]
[Round "3.36"]
[White "Mueller, Riyanna"]
[Black "Haug, Mara"]
[Result "1-0"]
[Annotator "NA RC COMBH"]
[ECO "B22"]
[WhiteElo "1687"]
[BlackElo "1754"]
[PlyCount "43"]
[EventDate "2023.06.09"]
[EventType "team-tourn"]
[EventCountry "GER"]
[SourceTitle "playchess.com"]
[Source "ChessBase"]
[SourceQuality "1"]
[TimeControl "40/5400+30:1800+30"]

1. e4 c5 2. c3 d5 3. exd5 Nf6 4. Bb5+ Nbd7 5. c4 a6 6. Ba4 b5 7. cxb5 Nb6 8. Nc3 Nfxd5 9. bxa6+ Bd7 10. Nge2 Nxa4 11. Nxa4 e5 12. O-O Be7 13. f4 exf4 14. d4 Qa5 15. Nxc5 Bxc5 16. dxc5 Qxc5+ 17. Kh1 Ne3 18. Bxe3 fxe3 19. Qd3 Bc6 20. Rac1 Qb6 21. Nd4 Bd7 22. Qe4+ 1-0

[Event "DFMM-LV 2023"]
[Site "Braunfels"]
[Date "2023.06.09"]
[Round "3.37"]
[White "Wellenreich, Jenni"]
[Black "Richter, Johanna"]
[Result "1/2-1/2"]
[Annotator "NA RC COMBH"]
[ECO "E85"]
[WhiteElo "1828"]
[BlackElo "1470"]
[PlyCount "84"]
[EventDate "2023.06.09"]
[EventType "team-tourn"]
[EventCountry "GER"]
[SourceTitle "playchess.com"]
[Source "ChessBase"]
[SourceQuality "1"]
[TimeControl "40/5400+30:1800+30"]

1. d4 Nf6 2. c4 g6 3. Nc3 Bg7 4. e4 d6 5. f3 O-O 6. Be3 Nbd7 7. Qd2 e5 8. Nge2 a6 9. d5 b6 10. Ng3 Ne8 11. O-O-O Nc5 12. Bh6 Bd7 13. h4 Na4 14. Bxg7 Kxg7 15. Nxa4 Bxa4 16. b3 Bd7 17. h5 Nf6 18. hxg6 fxg6 19. Qh6+ Kg8 20. Ne2 Qe7 21. Kb1 b5 22. Nc1 b4 23. Qe3 a5 24. Bd3 Rf7 25. g3 Nh5 26. Rdg1 Qf8 27. Be2 Qe7 28. Qd2 Nf6 29. Nd3 Qf8 30. Rc1 Nh5 31. Rhg1 Nf6 32. c5 Qb8 33. Nb2 Bb5 34. cxd6 cxd6 35. Bxb5 Qxb5 36. Rc6 Ra6 37. Rxa6 Qxa6 38. Nc4 Nd7 39. Qe3 Nc5 40. f4 exf4 41. gxf4 Re7 42. e5 Nd7 1/2-1/2

[Event "DFMM-LV 2023"]
[Site "Braunfels"]
[Date "2023.06.09"]
[Round "3.38"]
[White "Zemke, Christine"]
[Black "Schneider, Birgit"]
[Result "1/2-1/2"]
[Annotator "NA RC COMBH"]
[ECO "B13"]
[WhiteElo "1682"]
[BlackElo "1855"]
[PlyCount "45"]
[EventDate "2023.06.09"]
[EventType "team-tourn"]
[EventCountry "GER"]
[SourceTitle "playchess.com"]
[Source "ChessBase"]
[SourceQuality "1"]
[TimeControl "40/5400+30:1800+30"]

1. d4 d5 2. e3 c5 3. c3 cxd4 4. exd4 Nf6 5. Bd3 Nc6 6. Bf4 e6 7. Nf3 Bd6 8. Bxd6 Qxd6 9. Qe2 O-O 10. Ne5 b6 11. Nd2 Bb7 12. O-O Qc7 13. f4 Ne7 14. Rae1 Nf5 15. Qf3 Nd6 16. Qh3 Nfe4 17. Ndf3 Rae8 18. Ng5 h6 19. Ngf3 f5 20. Re2 Bc6 21. Nxc6 Qxc6 22. Ne5 Qc7 23. Rfe1 1/2-1/2

[Event "DFMM-LV 2023"]
[Site "Braunfels"]
[Date "2023.06.09"]
[Round "3.40"]
[White "Perovic-Ottstadt, Sanja"]
[Black "Landenberger, Anja Kathrin"]
[Result "1/2-1/2"]
[Annotator "NA RC COMBH"]
[ECO "D12"]
[WhiteElo "1443"]
[BlackElo "1740"]
[PlyCount "37"]
[EventDate "2023.06.09"]
[EventType "team-tourn"]
[EventCountry "GER"]
[SourceTitle "playchess.com"]
[Source "ChessBase"]
[SourceQuality "1"]
[TimeControl "40/5400+30:1800+30"]

1. d4 d5 2. Nf3 Nf6 3. e3 Bf5 4. c4 c6 5. Nc3 e6 6. Bd3 Bxd3 7. Qxd3 Nbd7 8. O-O Be7 9. b3 O-O 10. Bb2 h6 11. Rfe1 Re8 12. Rad1 Qa5 13. Ra1 Rad8 14. c5 b6 15. cxb6 axb6 16. Rec1 c5 17. Qb5 Ra8 18. a4 Rec8 19. Qxa5 1/2-1/2

[Event "DFMM-LV 2023"]
[Site "Braunfels"]
[Date "2023.06.09"]
[Round "3.41"]
[White "Wagner, Margarethe"]
[Black "Nguyen, Ha Thanh"]
[Result "1-0"]
[Annotator "TA"]
[ECO "B42"]
[WhiteElo "1831"]
[BlackElo "1968"]
[PlyCount "97"]
[EventDate "2023.06.09"]
[EventType "team-tourn"]
[EventCountry "GER"]
[SourceTitle "playchess.com"]
[Source "ChessBase"]
[SourceQuality "1"]
[TimeControl "40/5400+30:1800+30"]

1. e4 c5 2. Nf3 e6 3. d4 cxd4 4. Nxd4 a6 5. Bd3 Bc5 6. Nb3 Be7 7. O-O d6 8. c4 Nf6 9. Nc3 Nbd7 10. Re1 {[%emt 0:03:38] [#] B42: Sicilian: Kan Variation: 5 Bd3.} Ne5 $146 ({Predecessor:} 10... Qc7 11. Bf4 e5 12. Bg3 O-O 13. Bf1 Re8 14. f3 Bf8 15. Rc1 Qb8 16. Be2 b6 17. Nd2 Ra7 {1-0 Gorin,L (2413)-Ciruk,J (2261) Polanica Zdroj op-A 2000 (8)}) 11. Be2 Qc7 12. Nd2 (12. Be3 $14) 12... O-O $1 $11 13. f4 Nc6 14. Nf1 Rb8 15. Kh1 b6 (15... b5 $11) 16. Be3 $14 Bb7 17. Rc1 Nd7 18. Bf3 Qd8 19. b3 {[%emt 0:00:00] White is more active.} Kh8 20. Qd2 Nc5 21. Bf2 (21. Red1 $16) 21... Re8 22. Rcd1 Bf8 23. Ng3 Qc7 24. Be3 Ba8 25. Qe2 Red8 26. Rb1 Ne7 27. b4 Nd7 28. Rec1 Ng6 29. Bh5 ({Better is} 29. Kg1 $14) 29... Nf6 $11 30. Bxg6 fxg6 31. Bg1 Qf7 (31... d5 $15 32. cxd5 Qxf4) 32. Na4 b5 33. Nb6 Bc6 34. c5 (34. cxb5 $15 Bxb5 35. Qf3) 34... dxc5 $17 35. bxc5 Nh5 36. Nxh5 gxh5 37. Rf1 Qg6 38. f5 $132 {[%emt 0:02:00][%mdl 2048] White is fighting back} exf5 39. Rxf5 h4 (39... Re8 $5 40. Rbf1 $8 h6 $11) 40. Rbf1 Be7 $2 (40... h3 $1 $11 {and Black is okay.} 41. Nd5 (41. gxh3 Qe6 $17) 41... Bd7) 41. Nd5 $18 Qe6 (41... Bf8 $142 42. Qf2 h6 43. Qxh4 Kh7) 42. Qg4 {[%emt 0:00:00][%cal Of5f8] [#] Black must now prevent Rf8+!} Bf6 (42... Bxd5 $2 43. exd5 Qg6 44. Qe4 $18) (42... Bd7 $142 43. Qh5 Bxc5 44. Bxc5 Qg6 45. Qxg6 hxg6) 43. Nxf6 gxf6 44. Qxh4 Bxe4 45. Rxf6 Qd5 46. R1f2 $2 (46. Rxa6 $2 Bxg2#) (46. R6f3 $18 Kg8 47. Qg3+ Kh8 48. Rf7 Bxg2+ 49. Qxg2 Qxg2+ 50. Kxg2) 46... Rg8 $14 47. Qh3 {[%emt 0:00:00] And now Rd6 would win.} (47. Rxa6 $2 Bxg2+ 48. Rxg2 Qxg2#) 47... Qxc5 (47... Rg5 $16 48. Rxa6 Qxc5) 48. Rf7 ({Inferior is} 48. Rxa6 Rbd8 49. Qh4 Rxg2 50. Qxe4 (50. Qxd8+ $2 {leads to mate.} Rg8+ {[%mdl 64] Discovered Attack}) (50. Rxg2 Bxg2+ 51. Kxg2 Rg8+ $17 {[%mdl 64] Skewer}) 50... Rxf2 51. Bxf2 Qxf2 52. Qe5+ Kg8 53. Qg5+ (53. Qxb5 $2 Rd1+) 53... Kf7 54. Qh5+ Kg8 55. Qg5+ (55. Qxb5 $2 Rd1+) 55... Kf7 56. Qh5+ Kg8 57. Qg5+ $11 (57. Qxb5 $2 Rd1+)) 48... Qd5 {[%emt 0:00:38] [#] Dodges Qe6} (48... Rbd8 $18) 49. Qc3+ {[%emt 0:00:00] Weighted Error Value: White=0.35/Black=0.60} 1-0

[Event "DFMM-LV 2023"]
[Site "Braunfels"]
[Date "2023.06.09"]
[Round "3.42"]
[White "Skibbe, Diana"]
[Black "Albayrak, Nese Pinar"]
[Result "1/2-1/2"]
[Annotator "TA"]
[ECO "C89"]
[WhiteElo "1956"]
[BlackElo "1763"]
[PlyCount "110"]
[EventDate "2023.06.09"]
[EventType "team-tourn"]
[EventCountry "GER"]
[SourceTitle "playchess.com"]
[Source "ChessBase"]
[SourceQuality "1"]
[TimeControl "40/5400+30:1800+30"]

1. e4 e5 2. Nf3 Nc6 3. Bb5 a6 4. Ba4 Nf6 5. O-O Be7 6. Re1 b5 7. Bb3 O-O 8. c3 d5 9. exd5 Nxd5 10. Nxe5 Nxe5 11. Rxe5 c6 12. d4 {[%emt 0:03:14] 12.Re1 is the recent fashion.} Bd6 13. Bg5 {[%emt 0:07:43] C89: Closed Ruy Lopez: Marshall Attack.} (13. Re1 $14) 13... Qc7 $11 {[%emt 0:15:53] [#]} 14. f4 $146 ({Predecessor:} 14. Re1 Bxh2+ 15. Kh1 Bf4 16. Bxd5 Bxg5 17. Bf3 Qd6 18. Nd2 Qh6+ 19. Kg1 Bxd2 20. Re2 Bf4 {0-1 Hogan,B (1595)-Wernitz,H (1618) LSS No Engine Cup 195 Preliminary 0 2019}) 14... Bxe5 ({Better is} 14... h6 $17 15. Bxd5 (15. Rxd5 $2 cxd5 16. Bxd5 Rb8 $19) 15... cxd5) 15. fxe5 $15 {[%emt 0:00:11] Black is slightly better.} Qd7 16. Nd2 Qf5 17. Nf3 Qg6 18. Qd2 h6 19. Bh4 Bg4 20. Ne1 Qe4 21. Bf2 f6 (21... Qe2 $15 22. Rd1 Qxd2 23. Rxd2 a5) 22. Nd3 $11 Qe2 {[%emt 0:08:17] Against Re1} 23. Bxd5+ (23. Be3 {keeps more tension.} Kh7 24. Re1 Qxd2 25. Bxd2 Bf5 26. Nc5) 23... cxd5 24. Qxe2 Bxe2 25. Nc5 fxe5 {[%emt 0:03:31] And now ...Rf7 would win.} 26. Re1 Bg4 27. Rxe5 (27. dxe5 $11 {remains equal.} Bf5 28. h3) 27... Rf5 $36 {[%emt 0:04:46][%mdl 2048] Black has good play.} 28. h3 Rxe5 29. dxe5 $17 {[%emt 0:00:03][%mdl 4096] Endgame KRB-KBN} Bf5 30. Bd4 h5 31. Kf2 Kf7 32. Kf3 Ke7 33. Ke3 (33. Kf4 $15 Bb1 34. a3) 33... a5 34. a3 (34. Kf4 $15 Bc2 35. Kg5) 34... g5 35. Kd2 (35. Nb7 $17 {was worth a try.}) 35... Rf8 (35... h4 $19 36. Ke2 Rg8) 36. Nb7 Ra8 (36... Kd7 $17 {Strongly threatening ...h4.} 37. Ke3 Bg6 38. Nc5+ Ke7) 37. Bc5+ $2 (37. Nc5 $1 $11 {and White stays safe.}) 37... Kd7 {[%emt 0:00:41] White must now prevent ...Kc6.} 38. Nd6 {[%emt 0:02:17] [#]} Be4 39. g3 h4 40. gxh4 gxh4 41. Bf2 {[%emt 0:31:30] [#]} Rh8 $1 42. Nxb5 Bg2 43. Nd4 Rb8 (43... Bxh3 $17 {...Be6 is the strong threat.} 44. Nf3 a4 45. Nxh4 Bg4) 44. b4 axb4 45. axb4 Re8 46. e6+ Rxe6 47. Nxe6 ({Not} 47. Bxh4 Rh6 48. Bg5 Rxh3 $17) 47... Kxe6 48. Bxh4 Bxh3 $11 {[%emt 0:00:09] KB-KB} 49. b5 Kd7 50. Bg3 Bf1 {[%emt 0:00:49] The position is equal.} 51. b6 {[%emt 0:00:00] Threatening mate with b7.} Kc6 52. Bc7 Bb5 53. Ke3 Ba6 54. Kd4 Bc4 55. Bd8 Ba2 {[%emt 0:00:26] And White is the lucky defender.   Weighted Error Value: White=0.23 (precise) /Black=0.20 (precise)} 1/2-1/2

[Event "DFMM-LV 2023"]
[Site "Braunfels"]
[Date "2023.06.09"]
[Round "3.43"]
[White "Albayrak, Berrak"]
[Black "Bethge, Johanna"]
[Result "1/2-1/2"]
[Annotator "NA RC COMBH"]
[ECO "A04"]
[WhiteElo "1664"]
[BlackElo "1721"]
[PlyCount "48"]
[EventDate "2023.06.09"]
[EventType "team-tourn"]
[EventCountry "GER"]
[SourceTitle "playchess.com"]
[Source "ChessBase"]
[SourceQuality "1"]
[TimeControl "40/5400+30:1800+30"]

1. e4 c5 2. Nf3 d6 3. d3 Nc6 4. g3 g6 5. Bg2 Bg7 6. O-O e6 7. c3 Nge7 8. d4 Qb6 9. d5 Ne5 10. Nbd2 Nxf3+ 11. Qxf3 e5 12. Nc4 Qc7 13. Bg5 h5 14. h3 f5 15. a4 O-O 16. Qe3 Kh7 17. f4 fxe4 18. Bxe4 Bxh3 19. Rf2 Nf5 20. Qd3 exf4 21. Bxf4 Rad8 22. Rh2 Bg4 23. Ne3 Kg8 24. Nxg4 hxg4 1/2-1/2